 Dungeon Crawl Stone Soup version 0.31-a0-544-gceb718ecc6 (webtiles) character file.

Game seed: 906965736382747260

78 MackTheKnife the Ruffian (level 4, 0/40 HPs)
             Began as a Naga Shapeshifter on Aug 15, 2023.
             Succumbed to an adder's poison
             ... on level 2 of the Dungeon.
             The game lasted 00:02:26 (1639 turns).

MackTheKnife the Ruffian (Naga Shapeshifter)        Turns: 1639, Time: 00:02:27

Health: 0/40       AC:  2    Str: 17    XL:     4   Next: 36%
Magic:  4/4        EV: 10    Int:  9    God:
Gold:   117        SH:  0    Dex: 13    Spells: 3/3 levels left

rFire   . .          .
                       - Unarmed
rCold   . . .        (no shield)
rNeg    . . .        a - +0 animal skin
rPois   +            (helmet currently unavailable)
rElec   .            (cloak currently unavailable)
rCorr   .            (gloves currently unavailable)
SInv    +            (no barding)
Will    .....        (no amulet)
Stlth   +            (no ring)
HPRegen 0.26/turn    (no ring)
MPRegen 0.09/turn

%: no passive effects
@: lethally poisoned (0 -> -3), beast-form, very slow
A: beast (slay +2), AC +1, large, see invisible, deformed body, poison
resistance, slowness 2, spit poison 1, naga tail 1
a: Spit Poison, Begin Untransformation


You were on level 2 of the Dungeon.
You were a hulking beast.
You visited 1 branch of the dungeon, and saw 3 of its levels.

You collected 117 gold pieces.


Innate Abilities, Weirdness & Mutations

You are a hulking beast.
Your limbs bulge with bestial killing power. (Slay +2)
Your serpentine skin is tough. (AC +1)
You have supernaturally acute eyesight. (SInv)
Armour fits poorly on your strangely shaped body.
Your system is resistant to poisons. (rPois)
You cover ground very slowly.
You can spit poison.
You have a snake-like lower body.


   Skills:
 + Level 2.9 Fighting
 - Level 1.5 Dodging
 + Level 4.1 Unarmed Combat
 - Level 3.0 Shapeshifting


You had 3 spell levels left.
You didn't know any spells.
Your spell library contained the following spells:

 Spells                   Type           Power      Damage    Failure   Level
 Shock                    Conj/Air       0%         1d3       38%         1
 Ozocubu's Armour         Ice            0%         N/A       77%         3
 Swiftness                Air            0%         N/A       77%         3
 Vhi's Electric Charge    Tloc/Air       0%         N/A       77%         3
 Airstrike                Air            0%         2d(0-16)  99%         4
 Arcjolt                  Conj/Air       0%         1d10      100%        5
 Borgnjor's Vile Clutch   Necr/Erth      0%         N/A       100%        5
 Ozocubu's Refrigeration  Ice            0%         4d7       100%        7

Inventory:

Armour
 a - a +0 animal skin (worn)
 l - a +0 tower shield
   (You found it on level 2 of the Dungeon)
 n - a +0 barding
   (You found it on level 2 of the Dungeon)
Talismans
 c - a beast talisman (active)
 d - a flux talisman
Scrolls
 e - 2 scrolls of enchant armour {unknown}
 f - 3 scrolls of enchant weapon {unknown}
 h - a scroll of silence {unknown}
 i - a scroll of noise {unknown}
 j - a scroll of identify {unknown}
 k - 3 scrolls of torment {unknown}
Potions
 b - a potion of lignification {!q}
 g - a potion of curing {unknown}
 m - 2 potions of berserk rage {unknown}
 o - a potion of degeneration {unknown}
 p - a potion of heal wounds {unknown}
 q - a potion of mutation {unknown}
 r - a potion of attraction {unknown}

Dungeon Overview and Level Annotations

Branches:
Dungeon (3/15) Zot: 15936

Altars:

#########
##########........
#hSo..............
#####...##.######.
###..#.######.
#...........
#.#######.#.
#......##.#<
######.##.#.
#.##.#. #......


You could see an adder and an orc.


Message History

You are too injured to fight recklessly!
You are too injured to fight recklessly!
You are too injured to fight recklessly!
You are too injured to fight recklessly!
You are too injured to fight recklessly!
You miss the adder. The adder misses you. The goblin hits you with a +0 dagger.
The adder barely misses you. 😮 HP[-2]
You take 2 damage, and now have 26/40 hp.
You hit the adder. The adder bites you. The goblin hits you but does no damage.
You miss the adder. The adder bites you.
The goblin hits you with a +0 dagger. 😮 HP[-3]
You take 3 damage, and now have 23/40 hp.
You barely miss the adder. The adder bites you.
The goblin hits you with a +0 dagger.
* * * LOW HITPOINT WARNING * * *
😨 HP[-3]
You take 3 damage, and now have 20/40 hp.
Unknown command.
You barely miss the adder. The adder barely misses you.
The goblin hits you with a +0 dagger.
* * * LOW HITPOINT WARNING * * *
😨 HP[-1]
You take 1 damage, and now have 19/40 hp.
You barely miss the adder. The adder barely misses you. The adder bites you.
* * * LOW HITPOINT WARNING * * *
You hit the adder.
You kill the adder!
The goblin hits you with a +0 dagger.
* * * LOW HITPOINT WARNING * * *
😨 HP[-3]
You take 3 damage, and now have 16/40 hp.
You punch the goblin!
You kill the goblin!
You see here a +0 dagger {short}. 😨 HP[+1]
You start resting. 😎 HP[+23]
Your hp is fully restored (40).
There is a stone staircase leading up here.
You now have 109 gold pieces (gained 13).
You now have 117 gold pieces (gained 8).
Key pressed, stopping explore.
You enter the shallow water. 2 orc priests come into view.
The orc priest shouts!
You hear a shout! x2
An adder comes into view.
There are monsters nearby!
A giant cockroach and 2 orcs come into view.
The orc shouts!
The adder hisses angrily.
An orc comes into view. It is wielding a +0 club.
The orc priest mumbles some strange prayers to Beogh against you.
Pain shoots through your body! 😕 HP[-3]
You take 3 damage, and now have 37/40 hp.
The orc priest invokes the aid of Beogh against you.
You struggle to resist.
The orc priest mumbles some strange prayers to Beogh against you.
Beogh smites you!
You hear a shout! 😮 HP[-13]
You take 13 damage, and now have 24/40 hp.
MASSIVE DAMAGE!! (PAUSE)
The adder attacks as you move away! The adder barely misses you.
The adder bites you.
* * * LOW HITPOINT WARNING * * *
You are poisoned.
The adder poisons you! 😨 HP[-4]
You take 4 damage, and now have 20/40 hp.
You feel very sick. The adder bites you.
* * * LOW HITPOINT WARNING * * *
You are more poisoned.
The adder poisons you! 😨 HP[-4]
You take 4 damage, and now have 16/40 hp.
The adder attacks as you move away! The adder closely misses you.
You feel very sick. The adder bites you.
* * * LOW HITPOINT WARNING * * *
😨 HP[-4]
You take 4 damage, and now have 12/40 hp.
Unknown command.
You feel very sick. The adder barely misses you. 😱 HP[-3]
You take 3 damage, and now have 9/40 hp.
Unknown command.
You feel sick.
There is a stone staircase leading up here. 😱 HP[-2]
You take 2 damage, and now have 7/40 hp.
Unknown command.
You feel sick. The adder bites you but does no damage.
The orc hits you with a +0 club.
* * * LOW HITPOINT WARNING * * *
The adder barely misses you.
You climb upwards.
You die...

Skill      XL: |  1  2  3  4 |
---------------+-------------+-----
Fighting       | 2 |  2.9
Unarmed Combat | 4 |  4.1
Dodging        | |  1.5
Shapeshifting  | |  3.0

Action                     |  1- 3 |  4- 6 || total
---------------------------+-------+-------++-------
  Melee: Unarmed           |    73 |    26 ||    99
         Punch             |     2 |     1 ||     3
Ability: Spit Poison       |    30 |     6 ||    36
 Armour: Animal skin       |    12 |    12 ||    24
  Dodge: Dodged            |    39 |    22 ||    61
  Block: Tower shield      |    10 |       ||    10

Levels and vault maps discovered:
D:1:      dpeg_arrival_rooms_b, layout_basic
D:2:      layout_basic
D:3:      layout_rooms, gammafunk_ghost_necromancy, minmay_crystal_water

Notes
Turn   | Place    | Note
-------+----------+-------------------------------------------
     0 | D:1      | MackTheKnife the Naga Shapeshifter began the quest for the
                  | Orb.
     0 | D:1      | Reached XP level 1. HP: 18/18 MP: 1/1
     0 | D:1      | magus.rc [v1.9.6]
   149 | D:1      | Reached XP level 2. HP: 23/25 MP: 2/2
   358 | D:1      | You add the spells Ozocubu's Armour and Ozocubu's
                  | Refrigeration to your library.
   411 | D:1      | Reached skill level 2 in Fighting
   552 | D:1      | Reached XP level 3. HP: 25/32 MP: 3/3
  1068 | D:2      | You pick up a book of Air and begin reading...
  1068 | D:2      | You add the spells Shock, Swiftness and Airstrike to your
                  | library.
  1157 | D:2      | You add the spells Vhi's Electric Charge, Arcjolt and
                  | Borgnjor's Vile Clutch to your library.
  1157 | D:2      | Got Uweigom's Lectures on Turbulent Scree
  1173 | D:2      | Reached XP level 4. HP: 39/40 MP: 4/4
  1178 | D:2      | Reached skill level 4 in Unarmed Combat
  1636 | D:3      | HP: 9/40 [poisoned by an adder]
  1638 | D:3      | HP: 2/40 [orc/+0 club (5)]
  1639 | D:2      | Succumbed to an adder's poison

Vanquished Creatures
  2 adders
  4 dart slugs (D:1)
  3 bats
  2 endoplasms (D:1)
  A giant cockroach (D:2)
  4 hobgoblins
  3 jackals (D:2)
  5 kobolds
  6 quokkas
  3 ball pythons
  4 frilled lizards
  6 goblins
  6 rats
49 creatures vanquished.

Table legend:
 A = Non-vault XP
 B = Vault XP
 C = Vault XP percentage of total XP
 D = Non-vault monster count
 E = Vault monster count
 F = Vault count percentage of total count
                 A         B        C        D         E       F
            +---------+---------+-------+---------+---------+-------
      Total |     112 |       0 |   0.0 |      49 |       0 |   0.0
            +---------+---------+-------+---------+---------+-------
        D:1 |      51 |       0 |   0.0 |      27 |       0 |   0.0
        D:2 |      43 |       0 |   0.0 |      19 |       0 |   0.0
        D:3 |      18 |       0 |   0.0 |       3 |       0 |   0.0
            +---------+---------+-------+---------+---------+-------

Skill      XL: |  1  2  3  4 |
---------------+-------------+-----
Fighting       | 2 |  2.9
Unarmed Combat | 4 |  4.1
Dodging        | |  1.5
Shapeshifting  | |  3.0

Action                     |  1- 3 |  4- 6 || total
---------------------------+-------+-------++-------
  Melee: Unarmed           |    73 |    26 ||    99
         Punch             |     2 |     1 ||     3
Ability: Spit Poison       |    30 |     6 ||    36
 Armour: Animal skin       |    12 |    12 ||    24
  Dodge: Dodged            |    39 |    22 ||    61
  Block: Tower shield      |    10 |       ||    10

Illustrated notes

Table legend:
 A = Kills in this place as a percentage of kills in the entire game.
 B = Kills by you in this place as a percentage of kills by you in the entire game.
 C = Kills by friends in this place as a percentage of kills by friends in the entire game.
 D = Other kills in this place as a percentage of other kills in the entire game.
 E = Experience gained in this place as a percentage of experience gained in the entire game.
 F = Experience gained in this place divided by the number of levels of this place that you have seen.
                   A       B       C       D       E      F
               +-------+-------+-------+-------+-------+----------------------
         Total | 100.0 | 100.0 |   N/A |   N/A | 100.0 |  37.3
       Dungeon | 100.0 | 100.0 |   N/A |   N/A | 100.0 |  37.3
               +-------+-------+-------+-------+-------+----------------------

Table legend: (Time is in decaauts)
 A = Elapsed time spent in this place.
 B = Non-inter-level travel time spent in this place.
 C = Inter-level travel time spent in this place.
 D = Time resting spent in this place.
 E = Time spent auto-exploring this place.
 F = Levels seen in this place.
 G = Mean time per level.
                   A        B        C        D        E       F      G
               +--------+--------+--------+--------+--------+-----+--------+
         Total |   2063 |   2036 |     27 |    253 |   1429 |   3 |  687.7 |
       Dungeon |   2063 |   2036 |     27 |    253 |   1429 |   3 |  687.7 |
               +--------+--------+--------+--------+--------+-----+--------+

Top non-repeatable levels by time:
     D:1: 1025 daAuts
     D:2: 868 daAuts
     D:3: 169 daAuts
